 Dungeon Crawl Stone Soup version 0.17-a0-530-gbe3d13a (webtiles) character file.

83575 Spoyce the Bludgeoner (level 15, 0/150 HPs)
             Began as a Gargoyle Berserker on Apr 12, 2015.
             Was the Champion of Trog.
             Slain by a death yak (14 damage)
             ... on level 7 of the Lair of Beasts on Apr 13, 2015.
             The game lasted 02:13:03 (26237 turns).

Spoyce the Bludgeoner (Gargoyle Berserker)         Turns: 26237, Time: 02:13:03

Health: 0/150      AC: 40    Str: 34    XL:     15   Next: 77%
Magic:  15/15      EV:  9    Int:  3    God:    Trog [******]
Gold:   1793       SH: 14    Dex:  4    Spells: 0 memorised, 14 levels left

rFire  . . .     SeeInvis .     M - +3 morningstar (elec)
rCold  . . .     Clarity  .     m - +0 plate armour
rNeg   + . .     SustAb   .     X - +1 shield {AC+3}
rPois  ∞         Gourm    .     v - +0 helmet
rElec  +         Spirit   .     z - +0 cloak
rCorr  .         Warding  .     V - +0 pair of gloves "Byca" {+Blink MR+ Regen+ Dex-5}
rMut   +         Stasis   .     x - +0 pair of boots
MR     +++..                    E - amulet of resist mutation
Stlth  ..........               Y - ring of Memirea {MR+ Str+2 Int-5 Stlth+}
                                S - +3 ring of protection

@: berserking, very quick, extremely resistant to hostile enchantments,
extremely unstealthy
A: big wings, negative energy resistance 1, electricity resistance, unbreathing,
petrification resistance, rot immunity, AC +11
a: Fly, Burn Spellbooks, Berserk, Trog's Hand, Brothers in Arms, Renounce
Religion, Evoke Blink


You were on level 7 of the Lair of Beasts.
You worshipped Trog.
Trog was exalted by your worship.
You were very full.

You visited 2 branches of the dungeon, and saw 22 of its levels.
You also visited: Labyrinth and Sewer.

You collected 1793 gold pieces.

Inventory:

Hand weapons
 M - a +3 morningstar of electrocution (weapon)
 P - a +4 antimagic eveningstar
Armour
 m - a +0 plate armour (worn)
 v - a +0 helmet (worn)
 x - a +0 pair of boots (worn)
 z - a +0 cloak (worn)
 C - a +0 large shield
 V - the +0 pair of gloves "Byca" (worn) {+Blink MR+ Regen+ Dex-5}
   (You found it on level 14 of the Dungeon)

   It affects your dexterity (-5).
   It affects your resistance to hostile enchantments.
   It lets you blink.
   It increases your rate of regeneration.
 X - a +1 shield of protection (worn)
Jewellery
 a - a cursed -3 ring of evasion
 l - an uncursed amulet of stasis
 u - a +2 ring of evasion
 E - an amulet of resist mutation (around neck)
 I - an uncursed ring of protection from magic
 J - a +3 ring of protection
 Q - an uncursed ring of positive energy
 S - a +3 ring of protection (left hand)
 U - an uncursed ring of sustain abilities
 Y - the ring of Memirea (right hand) {MR+ Str+2 Int-5 Stlth+}
   (You found it on level 5 of the Lair of Beasts)

   [ring of protection from magic]

   It affects your strength (+2).
   It affects your intelligence (-5).
   It affects your resistance to hostile enchantments.
   It makes you more stealthy.
Magical devices
 i - a wand of hasting (3)
 F - a wand of random effects (28)
 R - a wand of polymorph (2)
Scrolls
 b - 5 scrolls of recharging
 j - a scroll of enchant weapon
 n - 8 scrolls of immolation
 p - 8 scrolls of remove curse
 y - 6 scrolls of magic mapping
 A - 2 scrolls of fog
 B - 4 scrolls of teleportation
 L - 10 scrolls of identify
 O - a scroll of fear
 T - a scroll of brand weapon
Potions
 d - 2 potions of heal wounds
 g - 2 potions of brilliance
 o - 6 potions of might
 r - a potion of haste
 s - 2 potions of mutation
 t - 8 potions of curing
 D - 6 potions of restore abilities
 H - 2 potions of magic
 N - a potion of cancellation
Miscellaneous
 c - a box of beasts
 e - a box of beasts
 q - a fan of gales
Comestibles
 f - 7 bread rations
 h - 14 fruits
 w - 2 meat rations


   Skills:
 * Level 13.8 Fighting
 * Level 15.7 Maces & Flails
 * Level 14.2 Armour
 + Level 4.6 Dodging
 * Level 13.2 Shields


You had 14 spell levels left.
You didn't know any spells.

Dungeon Overview and Level Annotations

Branches:
Dungeon (15/15)            Temple (0/1) D:4            Lair (7/8) D:11
  Swamp (0/5) Lair:3       Spider (0/5) Lair:6          Orc (0/4) D:10
 Vaults (0/5) D:14         Depths (0/5) D:15
  Slime: Lair:6-8

Altars:
Ashenzari
Dithmenos
Fedhas
Gozag
Ru
Trog
Xom
Zin

Shops:
D:5 *   D:8 :*=


Innate Abilities, Weirdness & Mutations

You are resistant to torment.
Your stone body is resilient (AC +11).
You are immune to poison.
Your large and strong wings let you fly indefinitely.
You resist negative energy.
You are resistant to electric shocks.
You can survive without breathing.
You are immune to petrification.
You are immune to rotting.


Message History

The death yak is almost dead.
You block the death yak's attack. x2
You bludgeon the death yak!!
There is a sudden explosion of sparks!
You kill the death yak!
Trog accepts your kill. You block the death yak's attack.
The death yak gores you but does no damage.
You hit the death yak.
There is a sudden explosion of sparks!
The death yak is moderately wounded.
You block the death yak's attack.
The death yak gores you but does no damage.
You bludgeon the death yak!!
The death yak is severely wounded.
The death yak barely misses you.
You puncture the death yak!
The death yak is almost dead.
The death yak gores you!
* * * LOW HITPOINT WARNING * * *
The death yak gores you!
You die...

P......P## .#. .
P........##.... ...
).......P#....P ..##P
.......PP...... ..#...
...........## .......
##...#......# .<.....
#.....#..P### ##.....#
##...###...#.###†Y...##
.....# #P...##.#@Y....##
##..## #...P....YY.....#
....# #.....PP##...#.###
...........PPP##.#.P...
.........##.P#####P...#.
#.........#..# #....
.....##..... ... ..
#P..## .P .P..#


You could see 4 death yaks.

Vanquished Creatures
  Kirke (D:13)
  Nessos (Lair:5)
  Snorg (Lair:5)
  4 vault guards (D:14)
  Josephine (Lair:4)
  A minotaur (Lab)
  2 hydras
  Erica (Lair:1)
  2 salamander stormcallers
  2 tengu warriors (D:14)
  3 centaur warriors
  6 death yaks (Lair:7)
  Urug (D:11)
  Nergalle (D:10)
  An unseen horror (D:14)
  2 wizards (D:15)
  2 necromancers
  Pikel (D:5)
  9 hill giants
  An oklob plant (Lair:1)
  A wolf spider zombie (D:15)
  An orc knight (D:14)
  18 ugly things
  A deep elf conjurer (D:15)
  An orb spider (Lair:6)
  An orc sorcerer (D:14)
  3 manticores
  3 cyclopes
  6 elephants
  A naga mage (D:15)
  Maurice (D:11)
  7 black mambas
  4 centaur zombies
  Psyche (D:11)
  3 gargoyles
  8 centaur skeletons
  The ghost of tedric the Skirmisher, an experienced HESk (D:5)
  16 spiny frogs
  A tengu conjurer (D:14)
  2 komodo dragons (Lair:2)
  A kobold demonologist (D:13)
  A yaktaur (D:14)
  A fire drake (Lair:6)
  4 red devils (D:14)
  A wyvern (D:13)
  A polar bear (Lair:6)
  6 trolls
  2 giant leeches (Lair:3)
  2 ravens (D:14)
  A two-headed ogre (D:15)
  8 blink frogs
  53 yaks
  A shadow (D:14)
  5 wraiths
  A hill giant zombie (D:10)
  A wyvern (shapeshifter) (D:13)
  2 deep elf magi
  3 vampire mosquitoes (D:14)
  A basilisk (Lair:1)
  5 hungry ghosts
  A swamp worm (Lair:3)
  Menkaure (D:7)
  9 hippogriffs
  10 wolves
  8 water moccasins
  2 soldier ants
  9 porcupines
  A human zombie (D:15)
  2 eyes of draining (D:13)
  A swamp drake (D:11)
  3 black bears
  Purgy (Sewer)
  4 orc warriors
  5 sky beasts
  7 ice beasts
  3 phantoms
  11 centaurs
  2 necrophages (D:7)
  A wasp (D:9)
  A boring beetle (D:7)
  8 ogres
  The ghost of tedric the Slasher, an average HESk of Qazlal (D:4)
  15 crocodiles
  A komodo dragon zombie (Lair:3)
  2 big kobolds (D:12)
  A brain worm (D:13)
  17 giant frogs
  2 wyvern skeletons
  2 troll zombies (D:10)
  5 scorpions
  A tengu zombie (D:14)
  10 killer bees
  3 electric eels
  9 wights
  4 goliath beetles
  A basilisk zombie (Lair:3)
  7 crimson imps
  A quasit (D:6)
  3 giant frog zombies
  3 giant frog skeletons
  11 worker ants
  10 hounds
  3 jellies
  9 orc priests
  13 orc wizards
  11 iguanas
  Natasha (thrice) (D:2)
  A killer bee zombie (D:10)
  15 sheep
  3 ogre zombies (D:10)
  2 hound zombies
  4 hound skeletons
  A worker ant zombie (D:6)
  7 adders
  7 gnolls
  48 river rats
  3 worms (D:2)
  4 shadow imps
  14 orc zombies
  2 adder skeletons
  2 oozes
  54 orcs
  A ball python (D:4)
  14 bats
  3 bat skeletons
  A bat zombie (D:8)
  8 giant cockroaches
  13 goblins
  13 hobgoblins
  7 jackals (D:3)
  3 quokkas
  A giant cockroach zombie (D:4)
  9 giant geckos
  A giant gecko zombie (D:6)
  5 giant newts
  2 giant spores
  2 goblin zombies (D:10)
  A hobgoblin skeleton (D:10)
  2 hobgoblin zombies (D:10)
  24 kobolds
  2 orc skeletons (D:10)
  17 rats
  14 ballistomycetes
  A bush (Lair:1)
  A plant (Lair:2)
773 creatures vanquished.

Vanquished Creatures (others)
  A wizard (D:12)
  An ugly thing (D:15)
  A cyclops (D:12)
  A kobold demonologist (D:13)
  A fire vortex (D:15)
  4 humans (D:13)
  A slave (D:5)
  A big kobold (D:13)
  A water moccasin zombie (D:5)
  A worker ant (D:5)
  A shadow imp (D:5)
  An adder (D:11)
  2 orcs
  A giant newt (D:5)
  2 giant spores
  4 kobolds (D:13)
  A quokka skeleton (D:5)
  4 bushes (D:15)
29 creatures vanquished.

Grand Total: 802 creatures vanquished

Notes
Turn   | Place    | Note
--------------------------------------------------------------
     0 | D:1      | Spoyce, the Gargoyle Berserker, began the quest for the Orb.
     0 | D:1      | Reached XP level 1. HP: 14/14 MP: 1/1
   118 | D:1      | Reached XP level 2. HP: 16/19 MP: 2/2
   655 | D:1      | Acquired Trog's second power
   889 | D:1      | Reached XP level 3. HP: 24/24 MP: 3/3
  1006 | D:2      | Reached skill level 4 in Fighting
  1234 | D:2      | Noticed Natasha
  1244 | D:2      | Killed Natasha
  1404 | D:2      | Noticed Natasha
  1452 | D:2      | Reached XP level 4. HP: 22/29 MP: 4/4
  1471 | D:2      | Killed Natasha
  1790 | D:2      | Noticed Natasha
  1798 | D:2      | Killed Natasha
  2204 | D:2      | Reached XP level 5. HP: 29/34 MP: 5/5
  2302 | D:2      | Found a shattered altar of Ashenzari.
  2302 | D:2      | Found a shimmering altar of Xom.
  3147 | D:3      | Found a bloodstained altar of Trog.
  3266 | D:3      | Found a bloodstained altar of Trog.
  3467 | D:4      | Gained mutation: You occasionally shout uncontrollably at your foes. [potion of mutation]
  3467 | D:4      | Gained mutation: You are occasionally teleported to nearby monsters. [potion of mutation]
  3618 | D:4      | Noticed an ogre
  3624 | D:4      | Killed an ogre
  3624 | D:4      | Reached XP level 6. HP: 26/39 MP: 6/6
  3804 | D:4      | Found a glowing silver altar of Zin.
  3821 | D:4      | Noticed tedric's ghost (average HESk)
  3842 | D:4      | Killed tedric's ghost
  4027 | D:4      | Found a staircase to the Ecumenical Temple.
  4047 | D:4      | Reached skill level 5 in Armour
  4058 | D:4      | Reached skill level 5 in Fighting
  4058 | D:4      | Reached XP level 7. HP: 29/44 MP: 7/7
  4158 | D:4      | Noticed an ogre
  4170 | D:4      | Killed an ogre
  4389 | D:4      | Reached skill level 5 in Maces & Flails
  4412 | D:4      | Acquired Trog's third power
  4540 | D:4      | Noticed a centaur
  4556 | D:4      | Killed a centaur
  4556 | D:4      | Reached skill level 6 in Armour
  4973 | D:4      | Reached XP level 8. HP: 50/50 MP: 8/8
  4997 | D:5      | Entered Level 5 of the Dungeon
  5314 | D:5      | Noticed Pikel
  5333 | D:5      | Killed Pikel
  5333 | D:5      | Reached skill level 7 in Armour
  5513 | D:5      | Found a blossoming altar of Fedhas.
  5724 | D:5      | Reached skill level 8 in Armour
  5724 | D:5      | Reached XP level 9. HP: 50/56 MP: 9/9
  5959 | D:5      | Noticed tedric's ghost (experienced HESk)
  5981 | D:5      | Killed tedric's ghost
  6302 | D:5      | Found Gozag's Platinum Reserve.
  6302 | D:5      | Found an opulent altar of Gozag.
  6772 | D:6      | Reached skill level 9 in Armour
  6898 | D:6      | Found a glowing drain.
  6903 | Sewer    | Entered a sewer
  7056 | Sewer    | Noticed Purgy
  7069 | Sewer    | Killed Purgy
  8243 | D:7      | Reached XP level 10. HP: 22/64 MP: 10/10
  8469 | D:7      | Reached skill level 10 in Armour
  9325 | D:7      | Noticed Menkaure
  9336 | D:7      | Killed Menkaure
 10026 | D:8      | Reached skill level 1 in Shields
 10303 | D:8      | Found Upseisi's Jewellery Shoppe.
 10415 | D:8      | Found Wiuwuow's Book Emporium.
 10641 | D:8      | Found Ukhuasch's General Store.
 10834 | D:8      | Found a sacrificial altar of Ru.
 10835 | D:8      | Found a shadowy altar of Dithmenos.
 11836 | D:9      | Received a gift from Trog
 12346 | D:10     | Entered Level 10 of the Dungeon
 12600 | D:10     | Reached XP level 11. HP: 69/69 MP: 11/11
 12625 | D:10     | Found a staircase to the Orcish Mines.
 12642 | D:10     | Received a gift from Trog
 12652 | D:10     | Noticed a hill giant
 12660 | D:10     | HP: 4/106 [hill giant/giant spiked club (17)]
 12663 | D:10     | Killed a hill giant
 12663 | D:10     | Reached skill level 5 in Shields
 12915 | D:10     | Reached skill level 10 in Maces & Flails
 12915 | D:10     | Reached skill level 11 in Armour
 13399 | D:10     | Noticed a hill giant
 13407 | D:10     | Killed a hill giant
 14004 | D:10     | Noticed Nergalle
 14043 | D:10     | Killed Nergalle
 14146 | D:11     | Noticed Urug
 14160 | D:11     | Killed Urug
 14193 | D:11     | Found a staircase to the Lair.
 14252 | D:11     | Noticed Psyche
 14256 | D:11     | Noticed a hill giant
 14265 | D:11     | Killed Psyche
 14265 | D:11     | Reached skill level 10 in Fighting
 14288 | D:11     | Lost mutation: You occasionally shout uncontrollably at your foes. [potion of cure mutation]
 14288 | D:11     | Lost mutation: You are occasionally teleported to nearby monsters. [potion of cure mutation]
 14449 | D:11     | Reached XP level 12. HP: 60/77 MP: 12/12
 14749 | D:11     | Killed a hill giant
 14775 | D:11     | Paralysed by an orc for 3 turns
 14786 | D:11     | Paralysed by an orc for 6 turns
 14855 | D:11     | Noticed Maurice
 15091 | D:11     | Killed Maurice
 15722 | D:12     | Received a gift from Trog
 16137 | D:13     | Noticed Kirke
 16157 | D:13     | Killed Kirke
 16193 | D:13     | Reached skill level 12 in Maces & Flails
 16314 | D:13     | Found a labyrinth entrance.
 16326 | Lab      | Entered a labyrinth
 16628 | Lab      | Noticed a minotaur
 16711 | Lab      | Killed a minotaur
 17019 | Lab      | Got a faintly glowing long sword
 17022 | D:13     | Identified the +3 long sword of Freehold {flame, rC- rN+ MP+9 Dex+5} (You found it in a labyrinth)
 17359 | D:14     | Noticed a centaur warrior
 17367 | D:14     | Killed a centaur warrior
 17633 | D:14     | Got a pair of bloodstained gloves
 17644 | D:14     | Identified the +0 pair of gloves "Byca" {+Blink MR+ Regen+ Dex-5} (You found it on level 14 of the Dungeon)
 17669 | D:14     | Reached XP level 13. HP: 48/84 MP: 13/13
 17679 | D:14     | Noticed a tengu warrior
 17680 | D:14     | Noticed a tengu warrior
 17701 | D:14     | Killed a tengu warrior
 17720 | D:14     | Killed a tengu warrior
 17746 | D:14     | Noticed a vault guard
 17837 | D:14     | Noticed a vault guard
 17866 | D:14     | Killed a vault guard
 17976 | D:14     | Killed a vault guard
 17976 | D:14     | Reached skill level 13 in Maces & Flails
 17990 | D:14     | Found a gate to the Vaults.
 17990 | D:14     | Noticed a vault guard
 17990 | D:14     | Noticed a vault guard
 18010 | D:14     | Killed a vault guard
 18021 | D:14     | Killed a vault guard
 18227 | D:14     | Noticed a salamander stormcaller
 18250 | D:14     | Killed a salamander stormcaller
 18507 | D:14     | Reached skill level 10 in Shields
 18592 | D:14     | Gained mutation: Your large and strong wings let you fly indefinitely. [Gargoyle growth]
 18592 | D:14     | Reached XP level 14. HP: 92/92 MP: 14/14
 18642 | D:14     | Reached skill level 14 in Maces & Flails
 18656 | D:14     | Received a gift from Trog
 18797 | D:14     | Noticed a centaur warrior
 18970 | D:14     | Killed a centaur warrior
 19054 | D:15     | Entered Level 15 of the Dungeon
 19261 | D:15     | Found a staircase to the Depths.
 20477 | Lair:1   | Entered Level 1 of the Lair of Beasts
 20493 | Lair:1   | Received a gift from Trog
 20541 | Lair:1   | Noticed Erica
 20551 | Lair:1   | Killed Erica
 21923 | Lair:3   | Received a gift from Trog
 22245 | Lair:3   | Reached skill level 15 in Maces & Flails
 22253 | Lair:3   | Reached XP level 15. HP: 96/99 MP: 15/15
 22623 | Lair:3   | Found a staircase to the Swamp.
 22948 | Lair:4   | Received a gift from Trog
 23517 | Lair:4   | Noticed Josephine
 23543 | Lair:4   | Killed Josephine
 23864 | Lair:5   | Got a brightly glowing lead ring
 23870 | Lair:5   | Identified the ring of Memirea {MR+ Str+2 Int-5 Stlth+} (You found it on level 5 of the Lair of Beasts)
 23969 | Lair:5   | Noticed Nessos
 23993 | Lair:5   | Killed Nessos
 24716 | Lair:5   | Noticed Snorg
 24725 | Lair:5   | Killed Snorg
 24747 | Lair:5   | Received a gift from Trog
 25439 | Lair:6   | Found a hole to the Spider Nest.
 26237 | Lair:7   | Slain by a death yak

Action                   |  1- 3 |  4- 6 |  7- 9 | 10-12 | 13-15 || total
-------------------------+-------+-------+-------+-------+-------++-------
Melee: Mace              |    99 |   289 |   622 |   755 |       ||  1765
       Unarmed           |       |       |   298 |    12 |       ||   310
       Morningstar       |       |       |       |   651 |  1554 ||  2205
Invok: Berserk           |     2 |     5 |     5 |    11 |     5 ||    28
       Burn Spellbooks   |       |       |       |     3 |     2 ||     5
       Trog's Hand       |       |       |       |     1 |     3 ||     4
 Abil: Evoke Blink       |       |       |       |       |     1 ||     1
  Use: Scroll            |       |     6 |     4 |    20 |     9 ||    39
       Potion            |       |     4 |       |     4 |     4 ||    12
 Stab: Confused          |       |       |       |     1 |       ||     1
  Eat: Chunk             |     2 |     2 |       |     1 |     5 ||    10
       Fruit             |     2 |       |       |       |     8 ||    10
       Meat ration       |       |     2 |     2 |     2 |     2 ||     8
       Bread ration      |       |     1 |     1 |     2 |       ||     4
       Beef jerky        |       |       |     2 |     5 |     7 ||    14
       Royal jelly       |       |       |       |    10 |     3 ||    13
       Pizza             |       |       |       |       |     3 ||     3
